 Dungeon Crawl Stone Soup version 0.30-a0-603-g51a0fb1b98 (webtiles) character file.

Game seed: 13389261289087690613

101 sanka the Digger (level 4, -1/33 HPs)
             Began as a Demigod Earth Elementalist on Jan 7, 2023.
             Killed from afar by Robin (16 damage)
             ... with a bolt of light
             ... on level 4 of the Dungeon.
             The game lasted 00:03:19 (3014 turns).

sanka the Digger (Demigod Earth Elementalist)       Turns: 3014, Time: 00:03:20

Health: -1/33      AC:  3    Str:  8 (9)  XL:     4   Next: 24%
Magic:  9/9        EV: 12    Int: 20 (21) God:
Gold:   185        SH:  0    Dex: 11 (14) Spells: 1/7 levels left

rFire   . . .      SeeInvis .    B - +0 scimitar
rCold   . . .      Faith    .    (no shield)
rNeg    . . .      Spirit   .    a - +0 robe
rPois   .          Reflect  .    s - +0 helmet
rElec   .          Harm     .    (no cloak)
rCorr   +          Rampage  .    (no gloves)
Will    .....                    (no boots)
Stlth   +                        (no amulet)
HPRegen 0.25/turn                (no ring)
MPRegen 0.11/turn                l - ring of resist corrosion

@: confused
A: high MP 1, forlorn, divine attributes
a: no special abilities


You were on level 4 of the Dungeon.
You visited 1 branch of the dungeon, and saw 4 of its levels.

You collected 185 gold pieces.


Innate Abilities, Weirdness & Mutations

You have an increased reservoir of magic. (+10% MP)
You shall have no god before yourself.
Your divine heritage dramatically boosts your attributes as you level up.


   Skills:
 - Level 1.7 Dodging
 - Level 1.7 Stealth
 - Level 2.0 Spellcasting
 - Level 0.8 Transmutations
 + Level 4.7 Earth Magic


You had one spell level left.
You knew the following spells:

 Your Spells              Type           Power      Damage    Failure   Level
x - Stone Arrow           Conj/Erth      22%        3d8       19%         3
z - Sandblast             Erth           42%        2d11      2%          1
N - Passwall              Tmut/Erth      10%        N/A       8%          2

Your spell library contained the following spells:

 Spells                   Type           Power      Damage    Failure   Level
 Petrify                  Tmut/Erth      13%        N/A       45%         4

Inventory:

Hand Weapons
 p - a +3 short sword
 B - a +0 scimitar (weapon)
Armour
 a - a +0 robe (worn)
 s - a +0 helmet (worn)
Jewellery
 l - a ring of resist corrosion (right hand)
 q - a ring of fire
Wands
 u - a wand of flame (18)
Scrolls
 c - a scroll of poison {unknown}
 e - 2 scrolls of teleportation {unknown}
 f - a scroll of brand weapon {unknown}
 g - a scroll of acquirement {unknown}
 i - a scroll of enchant armour {unknown}
 j - 3 scrolls of identify {unknown}
 n - 3 scrolls of amnesia {unknown}
 o - a scroll of enchant weapon {unknown}
 t - a scroll of fear {unknown}
 w - a scroll of summoning {unknown}
 y - a scroll of torment {unknown}
 z - a scroll of noise {unknown}
 A - a scroll of magic mapping {unknown}
Potions
 b - 2 potions of magic
 d - a potion of brilliance {unknown}
 h - a potion of heal wounds {unknown}
 k - a potion of flight {unknown}
 m - a potion of cancellation {unknown}
 r - 4 potions of degeneration {!q}
 v - a potion of mutation {unknown}
 x - a potion of curing {unknown}
 C - a potion of haste {unknown}

Dungeon Overview and Level Annotations

Branches:
Dungeon (4/15)
 Temple: D:4-7

Annotations:
D:4 Robin

▒.▒.....▒.▒.▒.▒.▒ ▒.
.▒.▒...▒.▒.▒.▒)▒ ▒.▒
.. ▒.▒.....▒.▒)▒)▒
▒.▒+... .▒.▒.▒.▒.▒.▒.▒
▒.▒.▒..
▒.▒.▒.▒.▒.▒†▒)▒.▒.▒.▒+
.▒.▒.▒.▒.▒.▒.▒.▒.▒.▒.▒
▒.▒.▒.▒.▒.▒.▒.▒.▒.▒.▒
.▒.▒.▒.▒.▒+▒.▒'▒'▒.▒.▒
▒+▒.▒+▒.....▒...p..g▒
............▒.......▒
............▒.......▒
........▒▒+▒▒.......▒
........▒ ▒.......▒
...▒▒▒▒▒▒ ▒▒▒▒▒▒▒▒▒
...▒ ...▒ ...▒


You could see Robin.


Message History

You kill the goblin!
The hobgoblin hits you but does no damage.
The blast of sand hits the hobgoblin!
You kill the hobgoblin!
You can't see any susceptible monsters within range! (Use Z to cast anyway.)
You start resting.
HP restored.
Magic restored.
Things that are here:
a +0 dagger; a goblin corpse You see here a ball python corpse.
C - a puce potion Robin is nearby!
Robin is nearby!
Robin is nearby!
Robin is nearby!
Robin shouts!
Robin zaps a wand.
The bolt of light hits you!!
You are confused.
Ouch! That really hurt!
* * * LOW HITPOINT WARNING * * *
It was a potion of degeneration.
There was something very wrong with that liquid.
You feel weakened.
You feel dopey.
You feel clumsy.
Robin zaps a wand.
The bolt of light hits you!
You die...

Action                   |  1- 3 |  4- 6 || total
-------------------------+-------+-------++-------
Melee: Unarmed           |    11 |       ||    11
 Cast: Sandblast         |    77 |    18 ||    95
  Use: Potion            |       |     1 ||     1
Armor: Robe              |     7 |     7 ||    14
Dodge: Dodged            |    40 |    10 ||    50

Levels and vault maps discovered:
D:1:      eino_arrival_cavern_d, layout_basic
D:2:      layout_rooms
D:3:      layout_loops_corners, mainiacjoe_overflow_cross_hatched,
          basic_ecumenical_altar
D:4:      layout_basic, uniq_sigmund, uniq_edmund, uniq_robin, uniq_duvessa

Notes
Turn   | Place    | Note
-------+----------+-------------------------------------------
     0 | D:1      | sanka the Demigod Earth Elementalist began the quest for
                  | the Orb.
     0 | D:1      | Reached XP level 1. HP: 14/14 MP: 5/5
    90 | D:1      | Reached skill level 2 in Spellcasting
   145 | D:1      | Reached skill level 3 in Earth Magic
   188 | D:1      | Reached XP level 2. HP: 19/20 MP: 0/7
   741 | D:1      | HP: 2/20 [rat (2)]
   914 | D:1      | Reached XP level 3. HP: 26/26 MP: 6/8
  1196 | D:2      | Reached skill level 4 in Earth Magic
  2719 | D:3      | Learned a level 2 spell: Passwall
  2723 | D:3      | Learned a level 3 spell: Stone Arrow
  2738 | D:4      | Reached XP level 4. HP: 33/33 MP: 5/9
  2843 | D:4      | Noticed Robin
  3014 | D:4      | Killed from afar by Robin

Vanquished Creatures
  An adder (D:2)
  A worm (D:4)
  2 dart slugs
  An orc (D:3)
  4 ball pythons
  3 bats (D:1)
  6 endoplasms
  2 giant cockroaches
  14 goblins
  7 hobgoblins
  6 jackals
  3 quokkas (D:1)
  2 frilled lizards
  11 kobolds
  9 rats
72 creatures vanquished.

Vanquished Creatures (others)
  A goblin (D:4)
1 creature vanquished.

Grand Total: 73 creatures vanquished
